 Dungeon Crawl Stone Soup version 0.25-a0-843-g6944ee31a2 (webtiles) character file.

Game seed: 12684960715324277615, levelgen mode: deterministic

13 Esekla the Ducker (level 2, -3/13 HPs)
             Began as a Felid Skald on Apr 25, 2020.
             Shot with an arrow by a centaur (16 damage)
             ... on level 2 of the Dungeon.
             The game lasted 00:02:57 (627 turns).

Esekla the Ducker (Felid Skald)                      Turns: 627, Time: 00:02:58

Health: -3/13      AC:  1    Str:  7    XL:     2   Next: 24%
Magic:  6/6        EV: 19    Int: 14    God:
Gold:   69         SH:  0    Dex: 15    Spells: 2/5 levels left
                                        Lives:  0   Deaths: 0

rFire    . . .     SeeInvis +     - Unarmed
rCold    . . .     Gourm    .   (shield unavailable)
rNeg     . . .     Faith    .   (armour unavailable)
rPois    .         Spirit   .   (helmet unavailable)
rElec    .         Reflect  .   (cloak unavailable)
rCorr    .         Harm     .   (gloves unavailable)
MR       .....                  (boots unavailable)
Stlth    ++........             (no amulet)
HPRegen  0.04/turn              (no ring)
MPRegen  0.10/turn              (no ring)

@: quick
A: very small, no armour, no weapons or thrown items, stealth, claws 1, fangs 3,
see invisible, carnivore, speed 1, shaggy fur 1, slow metabolism 1, sharp paws
a: no special abilities


You were on level 2 of the Dungeon.
You were full.

You visited 1 branch of the dungeon, and saw 2 of its levels.

You collected 69 gold pieces.

Inventory:

Scrolls
 a - a scroll of remove curse {unknown}
 c - a scroll of enchant weapon {unknown}
 d - a scroll of teleportation {unknown}
 e - 2 scrolls of enchant armour {unknown}
 f - a scroll of fear {unknown}
Potions
 g - a potion of ambrosia {unknown}
 h - a potion of might {unknown}
Comestibles
 b - 3 rations


   Skills:
 - Level 2.0 Fighting
 * Level 3.7 Dodging
 + Level 0.2 Stealth
 + Level 2.0 Unarmed Combat
 * Level 2.4 Spellcasting
 - Level 3.6 Charms


You had 2 spell levels left.
You knew the following spells:

 Your Spells              Type           Power        Failure   Level  Hunger
a - Infusion              Chrm           ##..         5%          1    #......
b - Shroud of Golubria    Chrm/Tloc      #.....       16%         2    ###....

Your spell library contained the following spells:

 Spells                   Type           Power        Failure   Level  Hunger
 Song of Slaying          Chrm           ##......     8%          2    ###....
 Ozocubu's Armour         Chrm/Ice       #.......     32%         3    ###....
 Spectral Weapon          Hex/Chrm       Unusable     N/A         3    N/A

Dungeon Overview and Level Annotations

Branches:
Dungeon (2/15)

Altars:


Innate Abilities, Weirdness & Mutations

You cannot wear armour.
You are incapable of wielding weapons or throwing items.
Your paws allow you to move quietly. (Stealth)
You have sharp claws.
You have razor-sharp teeth.
You have supernaturally acute eyesight. (SInv)
You are carnivorous and can eat meat at any time.
You cover ground quickly.
You are covered in fur. (AC +1)
You have a slow metabolism.
Your sharp claws are effective at attacking unaware monsters.


Message History

You scratch the bat.
The bat is severely wounded.
The bat closely misses you.
You scratch the bat.
You kill the bat!
g - a purple potion You see here a bat corpse.
Found 15 poisoned darts.
Found a bubbling golden potion.
Found 6 gold pieces.
h - a bubbling golden potion You now have 69 gold pieces (gained 6).
A centaur comes into view.
The centaur shouts!
The centaur wields a +0 shortbow.
The centaur shoots an arrow.
The arrow barely misses you.
You see here an arrow.
The centaur shoots an arrow.
The arrow hits you!
Ouch! That really hurt!
You die...

..####....# ..#
##.#.###### ..#
#........# ###
#.>....#.#
#.#.##.#.#
...#.##.#.# .# #
#####.##.#.#####.###
#(##............
#......(@.....c.
################


You could see a centaur.

Vanquished Creatures
  A dart slug (D:1)
  2 goblins (D:1)
  2 hobgoblins (D:1)
  A ball python (D:1)
  A bat (D:2)
  2 frilled lizards (D:1)
  2 kobolds (D:1)
  A rat (D:1)
12 creatures vanquished.

Notes
Turn   | Place    | Note
-------+----------+-------------------------------------------
     0 | D:1      | Esekla the Felid Skald began the quest for the Orb.
     0 | D:1      | Reached XP level 1. HP: 9/9 MP: 4/4
   256 | D:1      | Reached XP level 2. HP: 6/13 MP: 1/6
   262 | D:1      | Learned a level 2 spell: Shroud of Golubria
   626 | D:2      | Noticed a centaur
   627 | D:2      | Shot with an arrow by a centaur

Levels and vault maps discovered:
D:1:      lemuel_arrival_funnel, layout_basic
D:2:      layout_loops_ring, lemuel_coloured_pillars_altar, lemuel_round_altar,
          corexii_shack, kennysheep_generic_room_15

Action                   || total
-------------------------++-------
Melee: Unarmed           ||    30
       Bite              ||     4
 Cast: Infusion          ||     4
  Eat: Chunk             ||     3
Armor: Skin              ||     3
Dodge: Dodged            ||    25

Table legend:
 A = Non-vault XP
 B = Vault XP
 C = Vault XP percentage of total XP
 D = Non-vault monster count
 E = Vault monster count
 F = Vault count percentage of total count
                 A         B        C        D         E       F
            +---------+---------+-------+---------+---------+-------
      Total |      19 |       0 |   0.0 |      12 |       0 |   0.0
            +---------+---------+-------+---------+---------+-------
        D:1 |      18 |       0 |   0.0 |      11 |       0 |   0.0
        D:2 |       1 |       0 |   0.0 |       1 |       0 |   0.0
            +---------+---------+-------+---------+---------+-------
